General information
- name: BNet
- type: Ladder 1vs1/FFA
- host: Battle.net
- saver: 7.11
map: TurtleRock
- players: 2
- length: 50:14
- speed: Fast
- version: 1.24 W3XP
- replay type: Public
» download(140 KB)
Players
team 1 (winner)
7.11 (
green | 57 APM | 2884 actions | 50:14)
8 Goblin Alchemist
3 Acid Bomb
2 Healing Spray
2 Chemical Rage
1 Transmute
5 Archmage
2 Summon Water Elemental
3 Brilliance Aura
» actions
| Assign group hotkey | 64 | |
| Basic commands | 261 | |
| Build / train | 154 | |
| ESC pressed | 6 | |
| Enter build submenu | 52 | |
| Enter hero's abilities submenu | 13 | |
| Give item / drop item | 6 | |
| Right click | 1013 | |
| Select / deselect | 675 | |
| Select group hotkey | 330 | |
| Use ability | 310 | |
2884 total
» units
| Peasant | 26 | |
| Footman | 6 | |
| Mortar Team | 5 | |
| Sorceress | 3 | |
| Flying Machine | 2 | |
| Gryphon Rider | 7 | |
| Dragonhawk Rider | 2 | |
| Knight | 4 | |
| Siege Engine | 4 | |
59 total
» upgrades
| Defend | 1 | |
| Masonry | 2 | |
| Gunpowder | 3 | |
| Lumber Harvesting | 1 | |
| Sorceress Training | 2 | |
| Magic Sentry | 1 | |
| Fragmentation Shards | 1 | |
| Flare | 1 | |
| Animal War Training | 1 | |
| Armor | 3 | |
| Cloud | 1 | |
| Storm Hammers | 1 | |
| Swords | 3 | |
| Plating | 3 | |
24 total
» buildings
| Barracks | 1 | |
| Farm | 12 | |
| Altar of Kings | 1 | |
| Scout Tower | 28 | |
| Arcane Tower | 4 | |
| Lumber Mill | 1 | |
| Town Hall | 5 | |
| Arcane Vault | 2 | |
| Guard Tower | 11 | |
| Keep | 3 | |
| Blacksmith | 2 | |
| Castle | 3 | |
| Arcane Sanctum | 1 | |
| Workshop | 6 | |
| Gryphon Aviary | 2 | |
82 total
» build order
00:06 Barracks
00:26 Farm
01:04 Farm
01:21 Altar of Kings
01:42 Farm
01:55 Scout Tower
02:36 Arcane Tower
02:59 Farm
03:16 Lumber Mill
03:35 Farm
04:51 Scout Tower
04:52 Scout Tower
04:53 Scout Tower
04:53 Scout Tower
05:06 Town Hall
05:11 Scout Tower
05:11 Scout Tower
05:12 Scout Tower
05:16 Arcane Vault
05:26 Guard Tower
06:16 Guard Tower
06:19 Scout Tower
06:20 Scout Tower
06:23 Guard Tower
06:55 Guard Tower
07:00 Scout Tower
07:18 Keep
07:26 Guard Tower
07:34 Guard Tower
08:01 Guard Tower
08:05 Blacksmith
09:39 Castle
09:40 Castle
09:52 Arcane Sanctum
10:03 Workshop
10:06 Workshop
10:56 Farm
10:56 Farm
10:56 Farm
10:57 Farm
10:58 Farm
10:58 Farm
12:31 Farm
18:31 Gryphon Aviary
18:33 Gryphon Aviary
18:57 Town Hall
18:58 Scout Tower
18:59 Scout Tower
19:00 Scout Tower
19:01 Scout Tower
19:02 Scout Tower
19:02 Scout Tower
20:28 Guard Tower
20:43 Arcane Tower
22:03 Town Hall
30:15 Scout Tower
30:16 Scout Tower
30:17 Scout Tower
30:18 Scout Tower
30:20 Scout Tower
30:20 Scout Tower
30:23 Scout Tower
30:24 Scout Tower
30:24 Scout Tower
30:25 Scout Tower
30:26 Scout Tower
30:30 Town Hall
31:03 Guard Tower
32:30 Guard Tower
32:32 Arcane Tower
32:32 Arcane Tower
32:35 Guard Tower
32:37 Town Hall
32:56 Workshop
32:57 Workshop
32:58 Workshop
33:18 Keep
33:20 Keep
34:40 Blacksmith
35:06 Arcane Vault
35:58 Castle
38:21 Workshop
» items
| Boots of Speed | 1 | |
| Staff of Teleportation | 1 | |
| Periapt of Vitality | 2 | |
| Tome of Retraining | 1 | |
| Mechanical Critter | 2 | |
| Potion of Healing | 7 | |
| Potion of Mana | 2 | |
| Scroll of Town Portal | 4 | |
| Staff of Sanctuary | 2 | |
| Scroll of Regeneration | 4 | |
| Orb of Fire | 1 | |
| Lesser Clarity Potion | 3 | |
30 total
team 2 (loser)
Skull-Squadron (
orange | 37 APM | 1853 actions | 50:14)
5 Dark Ranger
3 Black Arrow
1 Silence
1 Life Drain
5 Naga Sea Witch
2 Frost Arrows
3 Forked Lightning
4 Priestess of the Moon
2 Trueshot Aura
2 Searing Arrows
» actions
| Assign group hotkey | 112 | |
| Basic commands | 272 | |
| Build / train | 119 | |
| Enter build submenu | 40 | |
| Enter hero's abilities submenu | 14 | |
| Give item / drop item | 1 | |
| Remove unit from queue | 2 | |
| Right click | 25 | |
| Select / deselect | 621 | |
| Select group hotkey | 493 | |
| Use ability | 153 | |
1853 total
» units
| Wisp | 41 | |
| Archer | 32 | |
| Huntress | 8 | |
| Glaive Thrower | 3 | |
84 total
» upgrades
| Strength of the Moon | 3 | |
| Moon Armor | 2 | |
| Improved Bows | 1 | |
| Marksmanship | 1 | |
| Well Spring | 1 | |
| Upgrade Moon Glaive | 1 | |
| Reinforced Hides | 1 | |
10 total
» buildings
| Ancient of War | 6 | |
| Moon Well | 11 | |
| Altar of Elders | 3 | |
| Tree of Ages | 1 | |
| Hunter's Hall | 2 | |
| Ancient of Wonders | 1 | |
| Tree of Eternity | 1 | |
| Tree of Life | 2 | |
| Ancient Protector | 10 | |
37 total
» build order
00:19 Ancient of War
00:26 Ancient of War
00:35 Moon Well
02:04 Altar of Elders
02:21 Moon Well
03:21 Moon Well
04:27 Tree of Ages
04:32 Hunter's Hall
06:35 Ancient of Wonders
06:49 Moon Well
07:25 Tree of Eternity
09:15 Moon Well
13:29 Tree of Life
18:11 Moon Well
19:03 Moon Well
19:33 Moon Well
20:28 Moon Well
20:38 Altar of Elders
21:58 Ancient of War
23:06 Hunter's Hall
23:35 Moon Well
25:44 Tree of Life
28:01 Ancient Protector
28:54 Ancient Protector
30:11 Ancient Protector
31:03 Ancient Protector
34:28 Ancient Protector
36:00 Ancient Protector
37:45 Ancient of War
39:50 Ancient Protector
39:59 Ancient Protector
40:09 Ancient of War
41:25 Ancient of War
41:38 Altar of Elders
42:12 Ancient Protector
42:58 Ancient Protector
50:03 Moon Well
» items
| Staff of Preservation | 1 | |
| Scroll of Town Portal | 2 | |
| Potion of Healing | 1 | |
4 total
Chat log
(26:29 / All) 7.11: do you still expect to win?
(26:45 / All) 7.11: just wondering
(26:49 / All) Skull-Squadron: nah just playing as long as i can vs a tower pussy
(26:52 / All) 7.11: lol
(26:54 / All) 7.11: so ur mad
(26:58 / All) Skull-Squadron: nah
(27:00 / All) 7.11: yep
(27:04 / All) 7.11: but they always deny it for some reason
(27:09 / All) Skull-Squadron: lol at your skills when I went a joke game
(27:14 / All) 7.11: lol at you losing
(27:21 / All) 7.11: and getting mad
(27:32 / All) 7.11: my record is 17 hours, whats your longest game
(27:35 / All) Skull-Squadron: your lame pride is funny when i went all archers
(27:45 / All) 7.11: your excuses for losing are more funny
(27:50 / All) Skull-Squadron: gave u hell with archers rofl
(27:53 / All) 7.11: not reall
(28:00 / All) 7.11: but tell yourself whatever you need to
(28:11 / All) 7.11: i fast expanded to a red camp and you let me, even tho u went tier 1
(28:14 / All) 7.11: thats pro
(28:17 / All) Skull-Squadron: your just a fag
(28:21 / All) 7.11: so mad...
(28:23 / All) Skull-Squadron: and u are squelched
(28:29 / All) 7.11: yet you stay here
(28:30 / All) 7.11: funny
(28:33 / All) Skull-Squadron: so i dont have to read your idiocy
(28:36 / All) 7.11: i bet youre gonna read the chat log anyway
(28:54 / All) 7.11: so ill continue typing to you knowing that you see this and are too angry to respond
(30:08 / All) 7.11: your guys died.
(30:45 / All) 7.11: you know i could just make about 24 siege engines if i wanted it to end right?
(30:50 / All) 7.11: and i know youre reading the chat log :))
(34:13 / All) 7.11: thx for uprooting
(35:12 / All) Skull-Squadron: i got 4000 gold 200o wood lol
(35:21 / All) 7.11: great, im above 10k on each
(37:15 / All) Skull-Squadron: lol archers
(38:00 / All) Skull-Squadron: ill be taking those units soon
(38:27 / All) Skull-Squadron: archers vs faggot
(38:32 / All) 7.11: why do you get so angry
(38:34 / All) 7.11: over losing
(38:35 / All) 7.11: lol
(38:44 / All) Skull-Squadron: lol
(38:47 / All) 7.11: hey
(38:50 / All) 7.11: you said you squelched
(38:58 / All) 7.11: you need to go back to pretending you cant hear me
(39:01 / All) Skull-Squadron: joke strat and it takes an hour for you to beat
(39:08 / All) 7.11: i actually prefer longer games
(40:44 / All) 7.11: hey
(40:47 / All) 7.11: youre the tower boy now :)
(49:47 / All) 7.11: in b4 face saving excuses